 Dungeon Crawl Stone Soup version 0.19-a0-1401-g902f63d (webtiles) character file.

42 Amnesiac the Grave Robber (level 3, -11/19 HPs)
             Began as a Deep Elf Necromancer on Sept 5, 2016.
             Mangled by an ogre
             ... wielding a +0 giant club
              (29 damage)
             ... on level 6 of the Dungeon.
             The game lasted 00:03:14 (868 turns).

Amnesiac the Grave Robber (Deep Elf Necromancer)     Turns: 868, Time: 00:03:15

Health: -11/19     AC:  3    Str: 12    XL:     3   Next: 33%
Magic:  3/10       EV: 13    Int: 19    God:
Gold:   58         SH:  0    Dex: 16    Spells: 3 memorised, 3 levels left

rFire  . . .     SeeInvis .     i - +11 battleaxe of the Ring {chop, Str+7}
rCold  . . .     Gourm    .     a - +0 robe
rNeg   . . .     Faith    .     (shield currently unavailable)
rPois  .         Spirit   .     (no helmet)
rElec  .         Dismiss  .     (no cloak)
rCorr  .         Reflect  .     g - +0 pair of gloves
MR     .....     Harm     .     (no boots)
Stlth  ++........               (no amulet)
                                (no ring)
                                (no ring)

@: no status effects
A: no striking features
a: no special abilities


You were on level 6 of the Dungeon.
You were not hungry.

You visited 1 branch of the dungeon, and saw 6 of its levels.

You collected 58 gold pieces.

Inventory:

Hand Weapons
 i - the +11 battleaxe of the Ring (weapon) {chop, Str+7}
   (You found it on level 5 of the Dungeon)

   It inflicts extra damage upon your enemies.
   It affects your strength (+7).
Armour
 a - a +0 robe (worn)
 g - a +0 pair of gloves (worn)
Scrolls
 d - a scroll of noise {unknown}
 e - a scroll of recharging {unknown}
 f - 4 scrolls of identify {unknown}
 j - a scroll of fog {unknown}
 k - a scroll of blinking {unknown}
Potions
 h - 2 potions of degeneration {unknown}
Books
 b - a book of Necromancy

   Spells                             Type                      Level
   a - Pain                           Necromancy                   1
   b - Animate Skeleton               Necromancy                   1
   c - Vampiric Draining              Necromancy                   3
   d - Regeneration                   Charms/Necromancy            3
   e - Animate Dead                   Necromancy                   4
   f - Control Undead                 Necromancy                   4
Comestibles
 c - a bread ration
 l - a slice of pizza


   Skills:
 - Level 2.4 Dodging
 - Level 2.4 Stealth
 + Level 4.0 Spellcasting
 * Level 5.7 Necromancy


You had 3 spell levels left.
You knew the following spells:

 Your Spells              Type           Power        Failure   Level  Hunger
f - Vampiric Draining     Necr           ####......   4%          3    ###....
r - Regeneration          Chrm/Necr      ##........   14%         3    ###....
z - Pain                  Necr           ####         1%          1    None


Dungeon Overview and Level Annotations

Branches:
Dungeon (6/15)
 Temple: D:4-7

Altars:
Makhleb

Annotations:
D:4 Amnesiac's ghost, weakling DEWz
D:5 exclusions: crimson imp and zombie


Message History

Confirm with . or Enter, or press ? or * to list all spells.
Aiming: Pain
Press: ? - help, Shift-Dir - straight line, f/p - ogre
Aim: an ogre, wielding a giant club (heavily wounded, chance to defeat MR: 84%)
The ogre writhes in agony!
Casting: Pain
Confirm with . or Enter, or press ? or * to list all spells.
Aiming: Pain
Press: ? - help, Shift-Dir - straight line, f/p - ogre
Aim: an ogre, wielding a giant club (severely wounded, chance to defeat MR: 84%)
The ogre barely resists.
Casting: Pain
Confirm with . or Enter, or press ? or * to list all spells.
Aiming: Vampiric Draining
Press: ? - help, Shift-Dir - straight line, f/p - ogre
Aim: an ogre, wielding a giant club (severely wounded)
The ogre is almost dead.
You feel life coursing into your body. The ogre hits you with a giant club!!
Ouch! That really hurt!
You die...

#..... #....# #....#
#>...# #....+ #....#
#....# #...O### #####
#...@..# ## #...#
#......##.# #...#
#.........# #...#
#.........# #....
#.........#######....
#..............#....#
#..............##...#
#..............##...#
##.....##...........#


You could see an ogre.

Vanquished Creatures
  An adder (D:2)
  An ooze (D:1)
  4 bats
  7 giant cockroaches
  3 jackals (D:1)
  A quokka (D:5)
  2 giant newts
  3 goblins (D:1)
  4 rats (D:1)
26 creatures vanquished.

Notes
Turn   | Place    | Note
-------+----------+-------------------------------------------
     0 | D:1      | Amnesiac the Deep Elf Necromancer began the quest for the Orb.
     0 | D:1      | Reached XP level 1. HP: 10/10 MP: 6/6
    58 | D:1      | Reached skill level 5 in Necromancy
   112 | D:1      | Reached XP level 2. HP: 2/15 MP: 4/8
   432 | D:1      | You fall through a shaft!
   441 | D:2      | Reached XP level 3. HP: 5/19 MP: 6/10
   446 | D:2      | Learned a level 3 spell: Regeneration
   450 | D:2      | Learned a level 3 spell: Vampiric Draining
   456 | D:2      | Found a burning altar of Makhleb.
   589 | D:4      | Noticed Amnesiac's ghost (weakling DEWz)
   699 | D:5      | Entered Level 5 of the Dungeon
   797 | D:5      | Got a sapphire battleaxe
   798 | D:5      | Identified the +11 battleaxe of the Ring {chop, Str+7} (You found it on level 5 of the Dungeon)
   806 | D:5      | Noticed an ice beast
   807 | D:5      | Noticed a phantom
   861 | D:6      | Noticed an ogre
   868 | D:6      | Mangled by an ogre

Vault maps used:
D:1:      onia_arrival_larder
D:2:      xom_redecorated, elyvilon_altar_5, first_bread, serial_forest,
          infiniplex_forest_zigzag_1, infiniplex_forest_clump_double,
          infiniplex_forest_lined_2, infiniplex_forest_clump_curved,
          infiniplex_forest_straight_2, infiniplex_forest_straight_4,
          infiniplex_forest_clump_medium, infiniplex_forest_lined_ring,
          infiniplex_forest_clump_small, infiniplex_forest_straight_3,
          minmay_misc_feat_five, bloody_makhleb
D:3:      minmay_roachtagon, grunt_decor_fettered
D:4:      lemuel_zombie_altar_yredelemnul, kennysheep_mini,
          kennysheep_little_box
D:5:      marbit_many_paths, eino_small_chamber_without_monster,
          uniq_crazy_yiuf_cottage
D:6:      serial_shops, shop, kennysheep_minor_cross, st_stairs_5

Skill      XL: |  1  2  3 |
---------------+----------+-----
Necromancy     | 5 |  5.7
Spellcasting   | 4 |  4.0
Dodging        | |  2.4
Stealth        | |  2.4

Action                   || total
-------------------------++-------
Melee: Battleaxe         ||     1
 Cast: Pain              ||    42
       Vampiric Draining ||     1
       Regeneration      ||     1
Armor: Robe              ||     1
Dodge: Dodged            ||     1
